Map: Ruby Rock LE

Players

Killa

  • Race: Protoss Protoss
  • Spawn Location: 11:00

A.I. 1 (Elite) - Winner!

  • Race: Zerg Zerg
  • Spawn Location: 5:00

VOD

Have the link to the VOD?

Description

Time

  • Played on: Feb. 26, 2026, 10:47 a.m.
  • Length: 15:37
Show
View Real Time Build Order
Export as new Build Order

Killa Protoss 

Build Orders: 1 Gate Expand 

Get SALT Encoding   

  12  0:00  Probe  
  13  0:12  Probe  
  14  0:20  Pylon  
  14  0:24  Probe  
  15  0:35  Probe  
  15  0:38  Gateway  
  16  0:43  Probe  
  16  0:45  Assimilator  
  17  0:52  Probe  
  18  1:04  Probe  
  19  1:16  Probe  
  20  1:26  Nexus  
  20  1:32  Probe  
  21  1:40  Cybernetics Core  
  21  1:44  Probe  
  22  1:52  Assimilator  
  22  1:54  Pylon  
  22  1:56  Probe  
  23  2:07  Adept  
  23  2:12  Probe  
  24  2:16  Warp Gate  
  26  2:24  Probe  
  26  2:28  Twilight Council  
  27  2:35  Probe  
  27  2:36  Adept  
  28  2:37  Probe  
  28  2:43  Probe  
  31  2:45  Probe  
  33  2:51  Probe  
  33  2:53  Probe  
  35  3:02  Probe  
  35  3:04  Gateway  
  35  3:05  Probe  
  37  3:09  Resonating Glaives  
  37  3:12  Robotics Facility  
  37  3:16  Probe  
  37  3:17  Probe  
  39  3:28  Probe  
  40  3:34  Probe  
  40  3:39  Gateway  
  40  3:40  Probe  
  42  3:41  Gateway  
  42  3:44  Probe  
  42  3:48  Probe  
  43  3:50  Pylon  
  43  3:52  Probe  
  43  3:55  Assimilator  
  44  3:56  Probe  
  44  4:00  Pylon  
  46  4:05  Probe  
  46  4:07  Probe, Observer  
  49  4:14  Gateway  
  49  4:15  Gateway  
  49  4:17  Immortal  
  49  4:19  Gateway x2  
  49  4:21  Pylon  
  53  4:36  Sentry x3  
  59  4:43  Sentry  
  61  4:51  Pylon  
  61  4:52  Pylon  
  61  4:56  Warp Prism  
  63  5:05  Adept x3  
  69  5:09  Pylon  
  69  5:10  Pylon  
  69  5:14  Adept x4  
  77  5:22  Assimilator  
  77  5:29  Sentry  
  77  5:30  Sentry  
  81  5:42  Immortal  
  81  5:50  Forge, Nexus  
  81  5:51  Pylon  
  85  6:00  Probe x2  
  87  6:12  Adept  
  87  6:13  Adept x2  
  87  6:16  Adept  
  95  6:21  Immortal  
  95  6:25  Adept x3  
  103  6:36  Adept x3  
  103  6:45  Protoss Ground Weapons Level 1  
  97  6:47  Adept x4  
  103  6:57  Blink  
  103  6:58  Probe x2  
  105  7:02  Probe  
  105  7:06  Probe x2  
  106  7:10  Probe  
  106  7:14  Robotics Bay, Probe  
  106  7:15  Probe  
  109  7:19  Probe  
  109  7:21  Robotics Facility  
  112  7:25  Stalker  
  112  7:27  Probe x2  
  116  7:31  Probe  
  117  7:39  Probe x2  
  117  7:41  Pylon  
  117  7:42  Immortal, Pylon  
  123  7:46  Probe  
  123  7:49  Pylon  
  123  7:50  Pylon  
  123  7:51  Probe  
  125  7:54  Assimilator  
  125  7:57  Assimilator  
  125  7:59  Probe x2  
  125  8:01  Extended Thermal Lance  
  125  8:03  Stalker x2, Probe  
  125  8:04  Colossus  
  132  8:13  Colossus  
  138  8:27  Zealot x3  
  150  8:35  Stalker, Pylon  
  150  8:36  Stalker, Pylon  
  150  8:39  Stalker  
  156  8:50  Colossus  
  156  8:53  Protoss Ground Weapons Level 2  
  156  8:55  Pylon  
  156  8:56  Pylon  
  162  9:06  Nexus  
  162  9:09  Pylon  
  162  9:16  Immortal  
  166  9:29  Templar Archives  
  160  9:44  Immortal  
  154  9:46  Immortal  
  162  10:02  Gateway  
  162  10:04  Gateway  
  162  10:06  Probe  
  162  10:07  Probe, Pylon  
  164  10:08  Probe  
  164  10:09  Zealot  
  164  10:10  Charge  
  164  10:12  Psionic Storm  
  167  10:19  Probe x3, Assimilator  
  167  10:20  Probe  
  171  10:23  Assimilator, Immortal  
  175  10:44  Shield Battery  
  175  10:47  Photon Cannon  
  175  10:49  Photon Cannon  
  175  10:51  High Templar x4, Photon Cannon  
  175  10:53  Photon Cannon  
  175  10:54  Photon Cannon  
  175  10:56  Photon Cannon  
  187  10:57  High Templar x2  
  187  10:59  Photon Cannon  
  191  11:07  High Templar x2  
  195  11:11  Immortal  
  195  11:18  Archon  
  187  12:00  Protoss Ground Weapons Level 3  
  163  12:09  High Templar x9  
  163  12:13  Archon x4  
  181  12:16  High Templar  
  181  12:20  Archon  
  183  12:35  Gateway  
  183  12:40  Shield Battery  
  183  12:42  Stargate  
  183  12:43  Gateway  
  183  12:44  Photon Cannon  
  183  12:45  Gateway, Photon Cannon  
  183  12:46  Stargate  
  183  12:47  Photon Cannon  
  183  12:48  Gateway  
  183  12:50  Protoss Air Weapons Level 1, Pylon, Gateway  
  183  12:55  Zealot x8, Gateway  
  183  12:56  Gateway  
  199  12:59  Gateway  
  199  13:23  Shield Battery  
  199  13:25  Photon Cannon  
  199  13:28  Photon Cannon  
  199  13:30  Fleet Beacon  
  199  13:31  Photon Cannon, Oracle x2  
  189  13:55  Shield Battery  
  189  13:57  Shield Battery  
  189  14:01  Photon Cannon  
  189  14:03  Photon Cannon  
  189  14:06  Nexus, Photon Cannon  
  189  14:07  Pylon  
  189  14:09  Assimilator  
  189  14:10  Photon Cannon  
  189  14:11  Photon Cannon  
  189  14:13  Assimilator  
  189  14:16  Pylon  
  189  14:20  Carrier  
  195  14:25  Tempest  
  195  14:30  Stargate  
  199  14:39  Shield Battery  
  199  14:43  Photon Cannon  
  199  14:46  Photon Cannon  
  199  14:47  Photon Cannon  
  199  14:50  Photon Cannon  
  199  14:51  Photon Cannon  
  195  14:53  Photon Cannon  
  195  14:54  Photon Cannon  
  195  14:55  Photon Cannon  
  178  15:09  Stalker x6  
  178  15:10  Stalker x5  
Show
View Real Time Build Order
Export as new Build Order

A.I. 1 (Elite) Zerg - Winner!

Build Orders: Pool First, Lurkers 

Get SALT Encoding   

  12  0:00  Drone  
  13  0:12  Overlord  
  13  0:16  Drone  
  14  0:30  Drone x2  
  16  0:42  Spawning Pool  
  16  0:44  Drone  
  16  0:48  Drone  
  17  1:10  Hatchery, Drone  
  17  1:13  Extractor  
  17  1:15  Drone  
  17  1:19  Extractor  
  17  1:21  Drone  
  17  1:28  Drone  
  18  1:38  Drone  
  19  1:49  Overlord  
  19  1:53  Queen  
  21  2:00  Zergling x2  
  22  2:10  Drone  
  23  2:22  Queen  
  25  2:25  Drone  
  26  2:32  Drone  
  27  2:37  Drone  
  27  2:40  Drone  
  29  2:53  Roach Warren  
  29  2:56  Drone  
  28  2:59  Drone  
  28  3:03  Drone  
  30  3:06  Zergling x2  
  30  3:08  Zergling x2  
  32  3:15  Overlord  
  32  3:19  Drone  
  33  3:21  Drone  
  33  3:24  Zergling x2  
  34  3:33  Roach x2  
  38  3:36  Roach  
  38  3:41  Roach  
  42  3:48  Lair  
  42  3:52  Overlord  
  42  3:57  Overlord  
  42  4:01  Zergling x2  
  43  4:10  Zergling x4  
  43  4:11  Drone x2  
  43  4:13  Drone  
  43  4:15  Drone  
  49  4:17  Drone  
  49  4:22  Overlord  
  50  4:26  Roach  
  50  4:30  Roach  
  54  4:33  Roach  
  54  4:36  Roach  
  58  4:40  Overlord  
  58  4:46  Drone  
  58  4:48  Drone  
  58  4:50  Hydralisk Den, Drone  
  60  4:53  Roach  
  60  4:56  Roach  
  64  5:00  Overlord  
  64  5:06  Drone  
  65  5:08  Drone  
  65  5:10  Drone  
  65  5:12  Drone  
  68  5:14  Drone  
  68  5:16  Drone  
  68  5:18  Drone  
  68  5:19  Hydralisk, Drone  
  74  5:23  Hydralisk  
  74  5:27  Overlord  
  76  5:31  Hydralisk  
  76  5:33  Hydralisk  
  80  5:36  Drone x2  
  80  5:38  Drone  
  83  5:44  Hydralisk  
  83  5:45  Drone, Overlord  
  83  5:47  Drone  
  87  5:51  Hydralisk  
  87  5:53  Metabolic Boost  
  89  5:58  Evolution Chamber  
  88  6:09  Ravager  
  89  6:11  Evolution Chamber  
  89  6:12  Overlord  
  89  6:13  Drone  
  89  6:16  Hatchery  
  88  6:23  Drone  
  88  6:25  Zerg Missile Weapons Level 1, Roach  
  91  6:28  Roach  
  91  6:30  Roach  
  91  6:32  Roach  
  89  6:33  Zergling x2  
  89  6:35  Zergling x2  
  89  6:37  Zerg Ground Armor Level 1, Roach  
  89  6:39  Roach  
  87  6:41  Roach  
  87  6:44  Hydralisk  
  87  6:47  Hydralisk  
  73  6:51  Hydralisk  
  73  6:56  Hydralisk  
  73  7:00  Extractor  
  74  7:02  Roach  
  74  7:05  Extractor, Drone  
  76  7:09  Overseer  
  76  7:10  Hydralisk  
  78  7:19  Hydralisk  
  78  7:22  Roach x2, Drone  
  87  7:23  Roach, Drone  
  87  7:27  Drone  
  87  7:28  Drone  
  90  7:33  Drone  
  90  7:35  Extractor  
  90  7:38  Drone  
  90  7:39  Drone, Extractor  
  90  7:41  Ravager  
  90  7:42  Roach, Drone x2  
  90  7:44  Drone  
  97  7:49  Overlord, Drone  
  98  7:52  Lurker Den  
  98  7:54  Drone  
  98  8:00  Drone x2  
  98  8:05  Drone  
  101  8:06  Spine Crawler  
  101  8:10  Drone  
  101  8:11  Drone, Glial Reconstitution  
  101  8:12  Spine Crawler  
  101  8:14  Hydralisk, Drone x2  
  101  8:16  Drone  
  101  8:18  Pneumatized Carapace  
  106  8:21  Drone  
  106  8:22  Drone  
  106  8:27  Drone  
  109  8:28  Zerg Missile Weapons Level 2  
  109  8:32  Drone  
  109  8:33  Drone  
  111  8:37  Drone  
  111  8:40  Zerg Ground Armor Level 2  
  112  8:43  Drone  
  112  8:44  Drone  
  112  8:45  Overlord  
  112  8:46  Drone x2  
  112  8:48  Drone  
  117  8:50  Spore Crawler, Lurker  
  117  8:52  Spore Crawler  
  117  8:54  Drone  
  117  8:55  Drone  
  117  8:59  Drone  
  119  9:03  Queen  
  119  9:04  Overlord  
  119  9:05  Burrow  
  119  9:06  Drone  
  119  9:09  Drone  
  123  9:15  Drone  
  124  9:17  Hydralisk  
  124  9:18  Hydralisk, Spine Crawler, Drone  
  124  9:22  Overseer, Queen, Overlord  
  130  9:28  Overseer  
  130  9:29  Infestation Pit  
  130  9:30  Zergling x2  
  130  9:32  Zergling x4  
  130  9:35  Hatchery  
  119  9:39  Roach  
  119  9:41  Roach  
  119  9:42  Roach  
  105  9:47  Roach  
  105  9:49  Hydralisk, Zergling x2  
  105  9:50  Roach, Lurker, Hydralisk  
  105  9:52  Hydralisk  
  104  9:58  Roach  
  106  10:02  Roach  
  106  10:03  Roach  
  106  10:06  Hive  
  110  10:08  Hydralisk  
  110  10:12  Hydralisk  
  110  10:14  Zergling x2  
  115  10:19  Zergling x2  
  116  10:21  Zergling x2, Roach  
  116  10:22  Zergling x2  
  116  10:24  Zergling x4  
  122  10:30  Hydralisk x3, Overlord  
  122  10:31  Spire  
  122  10:35  Roach x2  
  131  10:41  Roach x3  
  131  10:42  Roach  
  139  10:45  Hydralisk  
  139  10:47  Roach, Drone  
  144  10:52  Hydralisk, Overlord  
  144  10:53  Drone, Roach  
  144  10:54  Extractor  
  148  10:57  Drone, Hydralisk  
  148  10:58  Roach, Hydralisk  
  148  10:59  Roach, Drone  
  158  11:06  Zerg Melee Weapons Level 1  
  158  11:09  Evolution Chamber  
  158  11:10  Drone, Overlord, Hydralisk  
  162  11:11  Ravager, Roach  
  162  11:12  Ravager, Roach  
  166  11:26  Extractor, Zerg Missile Weapons Level 3  
  166  11:27  Drone  
  166  11:28  Overlord, Hydralisk  
  166  11:29  Drone x2, Roach, Lurker  
  166  11:32  Drone  
  171  11:34  Drone, Queen  
  171  11:36  Spine Crawler  
  171  11:37  Drone, Corruptor  
  171  11:38  Spine Crawler, Drone  
  171  11:39  Roach  
  165  11:42  Drone  
  165  11:45  Drone  
  158  11:48  Drone  
  158  11:50  Drone  
  158  11:52  Drone  
  158  11:54  Drone  
  152  11:55  Drone  
  152  11:57  Drone  
  152  11:58  Drone  
  152  11:59  Drone  
  121  12:01  Drone  
  121  12:03  Roach  
  121  12:05  Roach  
  121  12:07  Roach  
  114  12:08  Hydralisk  
  114  12:09  Lurker  
  117  12:18  Ultralisk Cavern  
  117  12:21  Drone  
  117  12:22  Zergling x2  
  118  12:23  Zergling x2  
  118  12:24  Zergling x2  
  118  12:25  Zergling x2  
  118  12:26  Zergling x2  
  118  12:27  Zergling x2  
  118  12:28  Zergling x2  
  124  12:30  Roach  
  124  12:32  Roach  
  124  12:33  Roach  
  124  12:35  Roach  
  134  12:37  Roach  
  134  12:38  Roach  
  134  12:40  Roach  
  134  12:42  Roach  
  134  12:43  Roach  
  142  12:45  Hydralisk  
  142  12:47  Hydralisk  
  142  12:49  Hydralisk  
  148  12:51  Hydralisk  
  148  12:53  Hydralisk  
  148  12:55  Hydralisk  
  148  12:58  Hydralisk  
  156  13:00  Overlord  
  156  13:02  Hydralisk  
  156  13:04  Roach  
  156  13:06  Drone  
  156  13:07  Drone  
  156  13:10  Drone  
  152  13:13  Drone  
  152  13:15  Drone  
  152  13:17  Drone  
  152  13:18  Hatchery  
  144  13:20  Drone x2  
  144  13:21  Drone x5  
  144  13:23  Drone  
  144  13:25  Drone x8  
  144  13:26  Drone x8  
  141  13:27  Drone x9  
  141  13:28  Drone  
  141  13:29  Drone  
  141  13:33  Drone  
  141  13:37  Drone  
  141  13:39  Drone  
  143  13:42  Drone  
  143  13:44  Drone  
  143  13:46  Drone  
  143  13:48  Drone  
  147  13:49  Drone  
  148  13:57  Ultralisk  
  154  14:04  Ultralisk  
  154  14:06  Overlord  
  154  14:08  Zergling x2  
  154  14:09  Overseer  
  161  14:10  Zergling x2  
  161  14:12  Hydralisk  
  161  14:15  Hydralisk  
  166  14:18  Hydralisk  
  166  14:20  Hydralisk  
  166  14:22  Hydralisk  
  172  14:25  Overlord  
  172  14:28  Hydralisk  
  172  14:30  Hydralisk  
  176  14:33  Hydralisk  
  176  14:36  Hydralisk  
  180  14:39  Hydralisk  
  180  14:41  Hydralisk  
  180  14:45  Roach  
  185  14:46  Roach  
  185  14:48  Hydralisk  
  185  14:52  Roach  
  182  14:53  Roach x2  
  182  14:55  Roach  
  182  14:56  Roach  
  182  14:58  Roach, Zergling x2  
  182  14:59  Zergling x2  
  149  15:01  Zergling x2  
  149  15:02  Zergling x2  
  149  15:03  Zergling x2  
  149  15:04  Zergling x2  
  129  15:13  Zergling x4  
  131  15:14  Zergling x2  
  131  15:20  Zergling x2  
Tags
 
Add a new tag
Caveats
  • Supply blocks, unpowered buildings, or Contaminate may cause inaccurate times.
  • Supply counts are checked every 10 seconds.